[Event "Late-Titled-Tuesday-Blitz-August-29-2023"]
[Site "Chess.com"]
[Date "2023.08.29"]
[Round "2"]
[White "sorch29"]
[Black "WildBizon"]
[Result "0-1"]
[WhiteElo "2403"]
[BlackElo "2730"]
[TimeControl "180+1"]
[EndTime "14:17:29 PDT"]
[Termination "WildBizon won by resignation"]

1. c4 b6 2. Nf3 Bb7 3. g3 Nf6 4. Bg2 g6 5. O-O Bg7 6. d4 O-O 7. Re1 e6 8. Nc3 Ne4 9. Bd2 c5 10. d5 exd5 11. cxd5 Nxd2 12. Qxd2 d6 13. e4 Re8 14.
Bf1 Na6 15. Bb5 Re7 16. Rad1 h6 17. Bc6 Bxc6 18. dxc6 Rc8 19. Nd5 Re8 20. Qe2 Nc7 21.
Nxc7 Qxc7 22. Qd2 Qxc6 23. Qxd6 Qxd6 24. Rxd6 Bxb2 25. Re2 Bg7 26. Rd7 c4 27. e5 c3 28.
Rd1 b5 29. Rc1 b4 30. Re4 a5 31.
Rd4 Bxe5 32. Rd5 Bf6 33. Rxa5 c2 34. Rb5 Bb2 35. Rxc2 Rxc2 36. Rxb4 Bf6 37. Kg2 Ree2 0-1

[Event "Late-Titled-Tuesday-Blitz-August-29-2023"]
[Site "Chess.com"]
[Date "2023.08.29"]
[Round "2"]
[White "FredddieCroderg"]
[Black "Road2GM3000"]
[Result "0-1"]
[WhiteElo "2318"]
[BlackElo "2503"]
[TimeControl "180+1"]
[EndTime "14:17:31 PDT"]
[Termination "Road2GM3000 won by checkmate"]

1. e4 c5 2. Bc4 d6 3. Qf3 Nf6 4.
d3 Nc6 5. Nc3 Bg4 6. Qg3 e6 7. h3 Bh5 8. Nge2 Be7 9. Nf4 Bg6 10.
Nxg6 hxg6 11. Be3 Nd7 12. O-O a6 13. Bxe6 fxe6 14. Qxg6+ Kf8 15. Qxe6 Nf6 16. f4 Qd7 17. Qb3 b5 18. a4 b4 19. Nd5 Na5 20. Nxf6 gxf6 21.
Qd5 Rd8 22. c3 Rg8 23. d4 Rg7 24. Qh5 Qe8 25. Qh6 Qg6 26. Qxg6 Rxg6 27. f5 Rg3 28. Bf4 Rd3 29. e5 dxe5 30. dxe5 bxc3 31. bxc3 c4 32. Bh6+ Kg8 33. exf6 Bxf6 34. Rae1 Bxc3 35. Re6 Bd4+ 36. Kh1 Kf7 37. Rxa6 Nb3 38. Rc6 c3 39. f6 Be5 40.
Rc4 Rd1 41. Rb4 Rxf1# 0-1

[Event "Late-Titled-Tuesday-Blitz-August-29-2023"]
[Site "Chess.com"]
[Date "2023.08.29"]
[Round "2"]
[White "Fonsofan"]
[Black "cthake"]
[Result "1-0"]
[WhiteElo "2681"]
[BlackElo "1862"]
[TimeControl "180+1"]
[EndTime "14:17:32 PDT"]
[Termination "Fonsofan won by checkmate"]

1. d4 d6 2. Nf3 Nf6 3. c4 g6 4. Nc3 Bg7 5. g3 O-O 6. Bg2 c6 7. O-O Bf5 8. Nh4 Be6 9. b3 Qc8 10. Re1 Bh3 11. Bh1 Re8 12. Ba3 Na6 13. Qd2 h5 14.
Rad1 e5 15. Nf3 Rd8 16. dxe5 dxe5 17. Qg5 Rxd1 18. Rxd1 Bf5 19. Nxe5 Ne4 20. Nxe4 Bxe5 21. Nf6+ Bxf6 22. Qxf6 Qe6 23. Rd8+ Rxd8 24. Qxd8+ Kg7 25. Bb2+ f6 26. e4 Bh3 27. Qd4 c5 28. Qd8 Bg4 29. f3 Bh3 30. Bg2 Bxg2 31. Kxg2 Qf7 32. Qd6 Qc7 33.
Qxf6+ Kh6 34. Qh8+ Kg5 35. h4# 1-0

[Event "Late-Titled-Tuesday-Blitz-August-29-2023"]
[Site "Chess.com"]
[Date "2023.08.29"]
[Round "2"]
[White "Der_Honigdachs"]
[Black "egnfanclub"]
[Result "1-0"]
[WhiteElo "2499"]
[BlackElo "2304"]
[TimeControl "180+1"]
[EndTime "14:17:33 PDT"]
[Termination "Der_Honigdachs won by resignation"]

1. e4 e5 2. Nf3 Nc6 3. Bb5 a6 4. Ba4 d6 5. c3 f5 6. d4 fxe4 7. Ng5 d5 8. dxe5 Bc5 9. O-O Ne7 10. Qh5+ g6 11. Qh6 Nf5 12. Qh3 e3 13. Nxh7 exf2+ 14. Kh1 Qe7 15. Nf6+ Qxf6 16. exf6 Rxh3 17. gxh3 Be6 18. Nd2 b5 19. Bb3 Kf7 20. Nf3 Kxf6 21. Bg5+ Kf7 22. Rad1 Rh8 23. Rxd5 Bb6 24. Rd7+ Ke8 25.
Bxe6 Rxh3 26. Kg2 Rxf3 27. Kxf3 Ne5+ 28. Ke4 Nxd7 29. Bxf5 gxf5+ 30. Kxf5 Nc5 31. Rxf2 1-0

[Event "Late-Titled-Tuesday-Blitz-August-29-2023"]
[Site "Chess.com"]
[Date "2023.08.29"]
[Round "2"]
[White "ShrookWafa"]
[Black "gordonzyxu"]
[Result "0-1"]
[WhiteElo "2418"]
[BlackElo "2084"]
[TimeControl "180+1"]
[EndTime "14:17:35 PDT"]
[Termination "gordonzyxu won by checkmate"]

1. e4 e5 2. Nf3 Nf6 3. Nxe5 d6 4.
Nf3 Nxe4 5. d4 d5 6. Bd3 Bd6 7. O-O O-O 8. h3 Re8 9. c4 c6 10. Nc3 Nxc3 11. bxc3 dxc4 12. Bxc4 h6 13. Be3 Nd7 14. Qd2 Nb6 15. Bb3 Qf6 16. c4 Bc7 17. d5 Bf5 18. Nd4 Be4 19. f3 Bh7 20. Rae1 Rad8 21.
Bf2 cxd5 22. cxd5 Rxe1 23. Rxe1 Qd6 24. Nb5 Qh2+ 25. Kf1 Bf4 26. Qd4 Bf5 27. d6 Bxd6 28. Nxd6 Rxd6 29. Re8+ Kh7 30. Qe3 Bd3+ 31. Ke1 Qh1+ 32.
Bg1 Qxg2 33. Qf2 Qg5 34. Bxf7 Qa5+ 35. Kd1 Bg6+ 36. Kc1 Qc3+ 37. Qc2 Qxc2# 0-1

[Event "Late-Titled-Tuesday-Blitz-August-29-2023"]
[Site "Chess.com"]
[Date "2023.08.29"]
[Round "2"]
[White "TC2304"]
[Black "lefonghua"]
[Result "0-1"]
[WhiteElo "2398"]
[BlackElo "2646"]
[TimeControl "180+1"]
[EndTime "14:17:38 PDT"]
[Termination "lefonghua won on time"]

1. c4 Nf6 2. g3 g6 3. Bg2 Bg7 4. Nc3 O-O 5. e4 d6 6. Nge2 c5 7. O-O Nc6 8. d3 Rb8 9. h3 a6 10. a4 Nd4 11. Nxd4 cxd4 12. Nd5 Nxd5 13. exd5 b5 14.
axb5 axb5 15. b3 bxc4 16. bxc4 Bf5 17. g4 Bd7 18. Re1 Re8 19. Bg5 h6 20. Bf4 Qb6 21.
Rb1 Qxb1 22. Qxb1 Rxb1 23. Rxb1 Kf8 24. Rb7 Rd8 25. Bf3 f5 26. Kf1 fxg4 27. Bxg4 Bxg4 28.
hxg4 Ra8 29. c5 dxc5 30. d6 e5 31. Bg3 Rd8 32. Rc7 Bf6 33. Rxc5 Rxd6 34. Bxe5 Bxe5 35.
Rxe5 Kf7 36. Ke2 Kf6 37. f4 Re6 38. Re4 Rxe4+ 39. dxe4 h5 40. gxh5 gxh5 41. Kf3 h4 42.
e5+ Kf5 43. e6 Kxe6 44. Ke4 h3 45. f5+ Kf6 0-1

[Event "Late-Titled-Tuesday-Blitz-August-29-2023"]
[Site "Chess.com"]
[Date "2023.08.29"]
[Round "2"]
[White "ftorodent"]
[Black "mishanick"]
[Result "0-1"]
[WhiteElo "2679"]
[BlackElo "3139"]
[TimeControl "180+1"]
[EndTime "14:17:39 PDT"]
[Termination "mishanick won by resignation"]

1. d4 Nf6 2. c4 e6 3. Nf3 d5 4. Nc3 Nbd7 5. Bf4 Bb4 6. a3 Bxc3+ 7. bxc3 dxc4 8. e3 Nd5 9. Bxc4 Nxf4 10. exf4 O-O 11.
O-O b6 12. d5 Nc5 13. Ne5 Qf6 14. g3 Rd8 15. Nc6 Rd6 16. Qd4 Bb7 17. Qe5 exd5 18. Ne7+ Kf8 19. Qxf6 gxf6 20. Nf5 dxc4 21. Nxd6 cxd6 22.
a4 Nd3 23. a5 b5 24. a6 Bc6 25. Rfd1 Re8 26. Rd2 f5 27. h3 h5 28. Kh2 Re4 29. Ra5 Ke7 30. f3 Re1 31. Kg2 Kd7 32. g4 hxg4 0-1

[Event "Late-Titled-Tuesday-Blitz-August-29-2023"]
[Site "Chess.com"]
[Date "2023.08.29"]
[Round "2"]
[White "The_Princess_Moon"]
[Black "Thjop"]
[Result "0-1"]
[WhiteElo "2226"]
[BlackElo "2692"]
[TimeControl "180+1"]
[EndTime "14:17:39 PDT"]
[Termination "Thjop won by checkmate"]

1. e4 e6 2. d4 d5 3. e5 c5 4.
c3 Nc6 5. Nf3 Bd7 6. Be2 Nge7 7.
a3 cxd4 8. cxd4 Nf5 9. b4 b5 10. Bxb5 Nxe5 11. Nxe5 Bxb5 12. Nc3 a6 13. Bb2 Bd6 14.
Nxb5 axb5 15. O-O O-O 16. Rc1 Qh4 17. Qd3 Rfb8 18. g3 Qh3 19. Nd7 Rb7 20. Nc5 Rbb8 21. Rc2 Nh6 22. f3 Nf5 23. Bc1 Bxc5 24. dxc5 h5 25.
Bb2 h4 26. g4 Nh6 27. Qd4 f6 28. g5 Nf5 29. Qc3 d4 30. Qd3 Ne3 31. Qg6 Qxf1# 0-1

[Event "Late-Titled-Tuesday-Blitz-August-29-2023"]
[Site "Chess.com"]
[Date "2023.08.29"]
[Round "2"]
[White "aqibjbutt"]
[Black "Petukhov_Dmitry"]
[Result "0-1"]
[WhiteElo "1991"]
[BlackElo "2526"]
[TimeControl "180+1"]
[EndTime "14:17:39 PDT"]
[Termination "Petukhov_Dmitry won by checkmate"]

1. d4 Nf6 2. g3 g6 3. Bg2 Bg7 4. c4 O-O 5. Nc3 c6 6. Nh3 d5 7. cxd5 cxd5 8. Nf4 e6 9. O-O Nc6 10.
e3 Bd7 11. b3 Rc8 12. Ba3 Re8 13.
Nb5 Qa5 14. Nd6 Qxa3 15. Nxe8 Nxe8 16. Qc1 Qxc1 17. Raxc1 Nd6 18. Nd3 b6 19. Rc2 Ne7 20. Rfc1 Rxc2 21. Rxc2 Ne8 22. Ne5 Bxe5 23. dxe5 Nc6 24.
f4 f6 25. exf6 Nxf6 26. e4 Nxe4 27. Bxe4 dxe4 28. Kf2 Kf7 29. Ke3 Ke7 30. Kxe4 Kd6 31. Rd2+ Ke7 32. h4 Nb4 33. g4 Bc6+ 34. Ke5 Bf3 35. Rd4 Nc6# 0-1

[Event "Late-Titled-Tuesday-Blitz-August-29-2023"]
[Site "Chess.com"]
[Date "2023.08.29"]
[Round "2"]
[White "pedromartinez91"]
[Black "Defenstrator"]
[Result "1-0"]
[WhiteElo "2499"]
[BlackElo "2309"]
[TimeControl "180+1"]
[EndTime "14:17:39 PDT"]
[Termination "pedromartinez91 won by checkmate"]

1. e4 e6 2. d4 Ke7 3. Nf3 Kd6 4. Nc3 Ke7 5. Bc4 Ke8 6. O-O c6 7. d5 Nf6 8. Re1 d6 9. dxe6 Bxe6 10. Bf1 Nbd7 11.
Ng5 Be7 12. Bf4 Ne5 13. Bg3 Bg4 14. f3 Bd7 15. Qd2 Nh5 16. Bxe5 dxe5 17. Nh3 Bxh3 18. Qxd8+ Rxd8 19. gxh3 Bc5+ 20. Kh1 Nf4 21. Ne2 Rd2 22. Nxf4 exf4 23. Re2 Rd7 24. Ree1 Rd2 25. Bd3 Bd4 26. Rad1 Rxd1 27. Rxd1 Bxb2 28. Rb1 Be5 29. Rxb7 g5 30.
Rxa7 Kf8 31. Bc4 Kg7 32. Rxf7+ Kg6 33. Re7 Bf6 34. Rb7 Rd8 35. Bd3 Ra8 36. h4 Rxa2 37. hxg5 Bxg5 38. Rc7 Kh5 39. Rxh7+ Kg6 40. Rc7 Kh5 41. Kg2 Ra1 42. Rxc6 Bh6 43. e5 Re1 44. Bc4 Rxe5 45. Bf7+ Kg5 46. h4+ Kf5 47. Bg6# 1-0

[Event "Late-Titled-Tuesday-Blitz-August-29-2023"]
[Site "Chess.com"]
[Date "2023.08.29"]
[Round "2"]
[White "cthulhuuu"]
[Black "MBA_CHESS_2021"]
[Result "1-0"]
[WhiteElo "2481"]
[BlackElo "2274"]
[TimeControl "180+1"]
[EndTime "14:17:39 PDT"]
[Termination "cthulhuuu won by resignation"]

1. e4 e5 2. Nf3 Nc6 3. Bb5 a6 4. Bxc6 dxc6 5. O-O Bg4 6. h3 Bh5 7. g4 Bg6 8. Nxe5 Bc5 9. c3 f6 10. Nxg6 hxg6 11. d4 Bd6 12. Kg2 g5 13. e5 fxe5 14. dxe5 Bxe5 15. Qxd8+ Kxd8 16. Bxg5+ Bf6 17. Bf4 Ne7 18.
Nd2 Ng6 19. Bg3 Nh4+ 20. Bxh4 Rxh4 21. Nf3 Rh8 22. Rad1+ Kc8 23. Rfe1 b6 24. g5 Bd8 25. h4 a5 26. Kg3 c5 27. Ne5 c6 28. Nxc6 Bc7+ 29.
Kg4 Kb7 30. Ne5 Rhf8 31. f4 Rad8 32. h5 a4 33. Rxd8 Rxd8 34. h6 gxh6 35. gxh6 Rg8+ 36.
Kf5 Rg2 37. Rh1 Bxe5 38. fxe5 Rf2+ 39. Ke6 Rf8 40. h7 Rh8 41. Kf7 a3 42. bxa3 Kc6 43. Kg7 Rc8 44. h8=Q Rxh8 45. Rxh8 Kd5 46. Kf6 Kc4 47.
e6 1-0

[Event "Late-Titled-Tuesday-Blitz-August-29-2023"]
[Site "Chess.com"]
[Date "2023.08.29"]
[Round "2"]
[White "AnkitGajwa"]
[Black "burbur555"]
[Result "0-1"]
[WhiteElo "2383"]
[BlackElo "2549"]
[TimeControl "180+1"]
[EndTime "14:17:40 PDT"]
[Termination "burbur555 won on time"]

1. e4 c6 2. d4 d5 3. Nd2 g6 4.
Ngf3 Bg7 5. Bd3 dxe4 6. Nxe4 Nf6 7. Nxf6+ exf6 8. O-O O-O 9. Bf4 Be6 10. Re1 Re8 11. Qd2 g5 12. Bg3 Nd7 13. h4 h6 14. hxg5 hxg5 15. c3 Nf8 16. Bc2 Qb6 17. b3 Rad8 18. Qd3 c5 19. Re3 Qc6 20. Rae1 c4 21. bxc4 Bxc4 22. Qf5 Rxe3 23. Rxe3 Bxa2 24. Bh2 Be6 25. Qd3 a5 26. Nd2 a4 27. c4 b5 28. cxb5 Qa8 29.
b6 f5 30. Qa3 Bxd4 31. Rh3 Bxb6 32. Qg3 g4 33. Rh5 Rxd2 34. Qe5 Ng6 35. Qf6 Bxf2+ 36. Kh1 Bd4 37. Rh8+ Nxh8 38. Qg5+ Ng6 0-1

[Event "Late-Titled-Tuesday-Blitz-August-29-2023"]
[Site "Chess.com"]
[Date "2023.08.29"]
[Round "2"]
[White "DawidCzerw"]
[Black "Akhayan"]
[Result "1-0"]
[WhiteElo "2488"]
[BlackElo "2279"]
[TimeControl "180+1"]
[EndTime "14:17:42 PDT"]
[Termination "DawidCzerw won by resignation"]

1. e4 e5 2. Nf3 Nc6 3. Bb5 a6 4. Ba4 Nf6 5. d4 exd4 6. O-O Be7 7.
e5 Ne4 8. Re1 Nc5 9. Bb3 O-O 10.
Nxd4 Nxd4 11. Qxd4 d6 12. exd6 Bxd6 13. Bf4 Nxb3 14.
axb3 Bxf4 15. Qxf4 Be6 16. Nc3 c6 17. Ne4 h6 18.
Nc5 Qb6 19. Nxe6 fxe6 20. Qg3 Rf6 21. Re3 Raf8 22. Rae1 Rxf2 23. Qxf2 Rxf2 24. Kxf2 Qd4 25. c3 Qd5 26. b4 Qf5+ 27. Kg1 Qc2 28. R3e2 Qb3 29.
h3 Kh7 30. Rf2 Qd5 31. Re3 e5 32. Rfe2 Qd1+ 33. Kh2 Qf1 34. Rxe5 Qf4+ 35. g3 Qf3 36. h4 b6 37. Re7 a5 38. bxa5 bxa5 39. R7e3 Qf1 40.
Rd2 Qc1 41. Ree2 a4 42. Rd7 a3 43. bxa3 Qxc3 44. a4 Qa1 45. Ree7 Qa2+ 46. Kh3 Qxa4 47. Rxg7+ Kh8 48. Rge7 Qa8 49. Rh7+ Kg8 50. Rdg7+ Kf8 51. Rh8+ Kxg7 52. Rxa8 1-0

[Event "Late-Titled-Tuesday-Blitz-August-29-2023"]
[Site "Chess.com"]
[Date "2023.08.29"]
[Round "2"]
[White "Zampronha1971"]
[Black "Langusto"]
[Result "0-1"]
[WhiteElo "2277"]
[BlackElo "2487"]
[TimeControl "180+1"]
[EndTime "14:17:42 PDT"]
[Termination "Langusto won by checkmate"]

1. e4 e5 2. Nf3 Nc6 3. d4 exd4 4. Nxd4 Bc5 5. Be3 Bb6 6. Nf5 d5 7. Bxb6 Bxf5 8. Bxc7 Qxc7 9. exf5 O-O-O 10. Be2 Nf6 11. O-O g6 12. fxg6 hxg6 13. h3 Qe5 14. Nc3 d4 15. Nb5 Kb8 16. Qd2 Ne4 17. Qd3 f5 18.
Na3 g5 19. Qb5 Rd5 20. Qd3 g4 21. f4 Qe6 22. hxg4 fxg4 23. Bxg4 Qxg4 24. Qxe4 Rdh5 25. Kf2 Rf5 26. Kg1 Rfh5 27. Kf2 Qh4+ 28. Kg1 Rg8 29.
Rae1 Qh2+ 30. Kf2 Qg3+ 31. Kg1 Rgh8 32. Qe8+ Rxe8 33. Rxe8+ Kc7 34. Re2 Rh2 35. Rf3 Qh4 36.
g3 Rh1+ 37. Kg2 Qh2# 0-1

[Event "Late-Titled-Tuesday-Blitz-August-29-2023"]
[Site "Chess.com"]
[Date "2023.08.29"]
[Round "2"]
[White "SHIVACalypso"]
[Black "SicilianPanzer"]
[Result "1-0"]
[WhiteElo "2497"]
[BlackElo "2305"]
[TimeControl "180+1"]
[EndTime "14:17:43 PDT"]
[Termination "SHIVACalypso won on time"]

1. Nf3 Nf6 2. c4 e6 3. g3 a6 4. Bg2 b5 5. O-O Bb7 6. b3 c5 7.
Bb2 Be7 8. d4 cxd4 9. Bxd4 bxc4 10. bxc4 Nc6 11. Bc3 O-O 12. Nbd2 Rc8 13. Rb1 Ba8 14.
Qa4 a5 15. Rfc1 d6 16. Rb5 Nd7 17. Bxa5 Nxa5 18. Rxa5 Bc6 19. Qa3 d5 20. c5 e5 21.
Ra7 f5 22. Rxd7 Qxd7 23. Nxe5 Qe6 24. Nxc6 Qxc6 25. Qd3 Rcd8 26. Nb3 Kh8 27. Nd4 Qa4 28. Nxf5 Bf6 29. Bxd5 Qg4 30. e4 Bg5 31. Ne3 Qf3 32.
Rf1 Be7 33. Qc4 Rc8 34. c6 Bg5 35. Nf5 g6 36. Nd6 Rc7 37. Qd4+ Bf6 38. e5 1-0

[Event "Late-Titled-Tuesday-Blitz-August-29-2023"]
[Site "Chess.com"]
[Date "2023.08.29"]
[Round "2"]
[White "Djager97"]
[Black "Durarbayli"]
[Result "1-0"]
[WhiteElo "2599"]
[BlackElo "2902"]
[TimeControl "180+1"]
[EndTime "14:17:45 PDT"]
[Termination "Djager97 won by resignation"]

1. e4 c5 2. Nf3 d6 3. d4 cxd4 4.
Nxd4 Nf6 5. Nc3 Nc6 6. Bg5 e6 7. Bb5 Qb6 8. Bxf6 gxf6 9. Nb3 h5 10. O-O h4 11. h3 a6 12. Bxc6+ Qxc6 13. f4 b5 14. a3 Bb7 15. f5 Qb6+ 16. Kh1 Be7 17. Nd4 e5 18. Nf3 Rc8 19. Nd5 Qc5 20. Rc1 Bxd5 21. exd5 Bf8 22. c3 Bh6 23. Rc2 Bf4 24. b3 Ke7 25. c4 Qxa3 26. cxb5 axb5 27. Rc6 Rxc6 28. dxc6 Qc5 29. Qa1 Qxc6 30. Qa7+ Kf8 31. Nd4 Qd5 32. Ne6+ fxe6 33. Qb8+ Kg7 34. Qc7+ Kh6 35.
Qf7 exf5 36. Qxd5 Kg6 37. Qxd6 Bg5 38. Rd1 e4 39. Qe6 e3 40. Rd7 f4 41. Qe4+ Kh6 42. Kh2 f3 43. Qxf3 Re8 44. Qf5 1-0

[Event "Late-Titled-Tuesday-Blitz-August-29-2023"]
[Site "Chess.com"]
[Date "2023.08.29"]
[Round "2"]
[White "imdarealist"]
[Black "Chess_Star1234"]
[Result "0-1"]
[WhiteElo "2324"]
[BlackElo "2503"]
[TimeControl "180+1"]
[EndTime "14:17:45 PDT"]
[Termination "Chess_Star1234 won on time"]

1. d4 d5 2. Bf4 Nf6 3. e3 Bf5 4. c4 c6 5. Nc3 e6 6. Qb3 Qc8 7. Rc1 Nbd7 8. cxd5 Nxd5 9. Bg3 Nxc3 10. bxc3 Be7 11. f3 O-O 12. e4 Bg6 13. Bd3 c5 14.
Ne2 Nb6 15. Qd1 Rd8 16. O-O Qd7 17.
Nf4 cxd4 18. Nxg6 hxg6 19. c4 Bc5 20. Rb1 Rac8 21. e5 Na4 22. Qc2 Nc3 23. Rb3 b6 24. Be1 Qc7 25. f4 Qd7 26. Kh1 Rc7 27. Bxc3 dxc3 28.
Rxc3 Qd4 29. Rb3 Rcd7 30. Qe2 Qe3 31. Qxe3 Bxe3 32. Be2 Bc5 33. Rb2 Rd2 34. Rfb1 Be3 35. g3 g5 36. fxg5 Bxg5 37. Kg2 Be3 38. Kf3 Bc5 39.
Rxd2 Rxd2 40. Rd1 Rxa2 41. Rd8+ Kh7 42. Bd3+ g6 43. h4 Kg7 44. Kg4 Rd2 45. h5 gxh5+ 46.
Kxh5 a5 47. g4 a4 48. g5 a3 49. g6 fxg6+ 50. Kg5 a2 51. Rd7+ Kf8 52. Kf6 Rxd3 0-1

[Event "Late-Titled-Tuesday-Blitz-August-29-2023"]
[Site "Chess.com"]
[Date "2023.08.29"]
[Round "2"]
[White "RamyresCoelho"]
[Black "rookoco"]
[Result "0-1"]
[WhiteElo "2345"]
[BlackElo "2689"]
[TimeControl "180+1"]
[EndTime "14:17:47 PDT"]
[Termination "rookoco won by checkmate"]

1. e4 c5 2. Nf3 d6 3. d4 cxd4 4.
Nxd4 Nf6 5. Nc3 g6 6. f4 Nbd7 7. Bc4 Bg7 8. Qe2 O-O 9. Be3 e5 10. Nf3 a6 11. O-O-O b5 12. Bd5 Nxd5 13. Nxd5 Bb7 14.
Bb6 Nxb6 15. fxe5 dxe5 16. h4 Bxd5 17. exd5 Nc4 18. h5 e4 19. Nd4 Qxd5 20. c3 Qg5+ 21. Kb1 Qe3 22. Qc2 Rad8 23. hxg6 hxg6 24. Rh3 Qf4 25.
Rdh1 e3 26. Ne2 Qf5 27. Qxf5 gxf5 28. Nf4 Rd2 29. Nh5 Rxb2+ 30. Ka1 Rxg2 31. Nxg7 Kxg7 32. Rh7+ Kf6 33. R7h6+ Rg6 34. R6h2 Re8 35. Re2 f4 36. Rf1 Ke5 37. Kb1 Ke4 38. Kc2 f3 39. Rh2 Rg2+ 40.
Rxg2 fxg2 41. Rg1 Kf3 42. a4 bxa4 43. Kd3 Ne5+ 44. Kd4 Kf2 45. Ra1 g1=Q 46. Ra2+ Kf3 47. c4 Qd1+ 48. Kc5 Rc8+ 49. Kb4 Qb3+ 50. Ka5 Nc6+ 51.
Kxa6 Ra8# 0-1

[Event "Late-Titled-Tuesday-Blitz-August-29-2023"]
[Site "Chess.com"]
[Date "2023.08.29"]
[Round "2"]
[White "PNEPaul"]
[Black "Biregina"]
[Result "0-1"]
[WhiteElo "1882"]
[BlackElo "2424"]
[TimeControl "180+1"]
[EndTime "14:17:47 PDT"]
[Termination "Biregina won on time"]

1. e4 g6 2. Nc3 Bg7 3. g3 b6 4.
Bg2 Bb7 5. Nge2 d6 6. O-O Nd7 7. d3 e6 8. h3 Ne7 9. f4 O-O 10. Kh2 f5 11. Be3 Rb8 12. Qd2 c5 13. Rad1 Nc6 14.
Nb5 Qe7 15. c3 a6 16. Na3 b5 17. Nc2 Nb6 18. Rde1 Ba8 19. exf5 gxf5 20. Bg1 Rfe8 21.
g4 fxg4 22. hxg4 Nd8 23. Bh3 Nf7 24. Bf2 Qb7 25. Ng3 Nh6 26. Qd1 Nd5 27. Bg2 Qe7 28. g5 Nxf4 29. Bxa8 Qxg5 30. Bg2 Ng4+ 31. Kg1 Nxf2 32.
Kxf2 Rf8 0-1

[Event "Late-Titled-Tuesday-Blitz-August-29-2023"]
[Site "Chess.com"]
[Date "2023.08.29"]
[Round "2"]
[White "Kacparov"]
[Black "chessS1r"]
[Result "1-0"]
[WhiteElo "2926"]
[BlackElo "2589"]
[TimeControl "180+1"]
[EndTime "14:17:51 PDT"]
[Termination "Kacparov won by checkmate"]

1. e4 e6 2. d4 d5 3. Nc3 Nf6 4. Bg5 h6 5. Bxf6 Qxf6 6. exd5 Bb4 7. Bb5+ c6 8. dxc6 bxc6 9. Be2 O-O 10. Nf3 Bb7 11.
O-O c5 12. a3 Bxc3 13. bxc3 Rd8 14. Qb1 Bc6 15. Rd1 Nd7 16. Qc1 Rac8 17. a4 Nb6 18. Ne5 Ba8 19. Bf3 Nd5 20. Bxd5 Rxd5 21. Qe3 cxd4 22. cxd4 Rxc2 23. Rac1 Rxc1 24. Rxc1 Rd8 25. h3 Qe7 26. Qg3 Rxd4 27. Ng4 Kh7 28. Rc7 Qd6 29. Qxd6 Rxd6 30. Rxa7 f5 31. Nf6+ Kg6 32. Ne8 Rd1+ 33. Kh2 Bd5 34. Rxg7+ Kh5 35. Nf6+ Kh4 36. g3# 1-0

[Event "Late-Titled-Tuesday-Blitz-August-29-2023"]
[Site "Chess.com"]
[Date "2023.08.29"]
[Round "2"]
[White "SaqoChess_Twitch"]
[Black "VladimirKramnik"]
[Result "1-0"]
[WhiteElo "2633"]
[BlackElo "2943"]
[TimeControl "180+1"]
[EndTime "14:17:52 PDT"]
[Termination "SaqoChess_Twitch won by checkmate"]

1. d4 Nf6 2. c4 e6 3. Nc3 d5 4. Bg5 Be7 5. Nf3 h6 6. Bh4 O-O 7. cxd5 Nxd5 8. Bxe7 Qxe7 9. Nxd5 exd5 10. e3 c6 11. Qc2 Nd7 12. Bd3 Nf6 13. O-O Re8 14.
Ne5 Ng4 15. Nxg4 Bxg4 16. Bf5 Bxf5 17. Qxf5 Rad8 18. Rfb1 Rd6 19. b4 Rf6 20. Qd3 h5 21. b5 h4 22. bxc6 bxc6 23. Rb2 Rg6 24. g3 Qc7 25.
Rab1 Rge6 26. Rb7 Qa5 27. Qf5 Rf6 28. Qd7 Re4 29. Rb8+ Kh7 30. Qc8 Qxa2 31. Rf1 Kg6 32.
Qh8 hxg3 33. hxg3 Qe2 34. Rg8 Kf5 35. Rxg7 Ke6 36. Qc8+ Ke7 37. Rg8 Rfe6 38. Qd8# 1-0

[Event "Late-Titled-Tuesday-Blitz-August-29-2023"]
[Site "Chess.com"]
[Date "2023.08.29"]
[Round "2"]
[White "Goryachkina"]
[Black "JoshuaGK27"]
[Result "1-0"]
[WhiteElo "2639"]
[BlackElo "2403"]
[TimeControl "180+1"]
[EndTime "14:17:52 PDT"]
[Termination "Goryachkina won by resignation"]

1. e4 e5 2. Nf3 Nc6 3. Bc4 Bc5 4. c3 Nf6 5. d3 O-O 6. h3 d6 7. Nbd2 a5 8. Bb3 Be6 9. Ba4 Ba7 10. Qe2 h6 11. Nf1 Ne7 12. Be3 c6 13. Ng3 Ng6 14. Qd2 Bxe3 15. fxe3 d5 16. exd5 cxd5 17. O-O Rb8 18. Bb5 Qb6 19. a4 Rfd8 20. Kh1 Rbc8 21.
Qf2 Bd7 22. Bxd7 Rxd7 23. d4 Re8 24. Rad1 e4 25. Nd2 Re6 26. Nf5 Ne7 27. c4 Nxf5 28.
Qxf5 Qxb2 29. cxd5 Rxd5 30. Qf4 Qc3 31. Qb8+ Re8 32.
Qxb7 Rd7 33. Qb5 Rde7 34. Nc4 Qb4 35. Nxa5 Qxb5 36. axb5 Rb8 37. Nc6 Reb7 38. Nxb8 Rxb8 39. Rb1 Nd5 40. Rb3 Rb6 41. Rf5 Ne7 42. Re5 Ng6 43. Rxe4 1-0

[Event "Late-Titled-Tuesday-Blitz-August-29-2023"]
[Site "Chess.com"]
[Date "2023.08.29"]
[Round "2"]
[White "TheMagician"]
[Black "Valeron87"]
[Result "0-1"]
[WhiteElo "2155"]
[BlackElo "2450"]
[TimeControl "180+1"]
[EndTime "14:17:52 PDT"]
[Termination "Valeron87 won on time"]

1. d4 d5 2. c4 e6 3. Nc3 c6 4. Nf3 dxc4 5. a4 Bb4 6. g3 b5 7. Bg2 Bb7 8. O-O a6 9. Bg5 f6 10. Bf4 Ne7 11. Na2 Bd6 12. Bxd6 Qxd6 13. b3 cxb3 14.
Qxb3 Nd7 15. Rfd1 Nb6 16. Nc3 O-O 17. Bh3 f5 18. e4 Kh8 19. Ng5 Nc4 20. axb5 axb5 21.
Rxa8 Bxa8 22. d5 exd5 23. exd5 h6 24. Ne6 Rb8 25. Nf4 Na5 26. Qb2 b4 27. Nb1 cxd5 28.
Re1 Nac6 29. Re6 Qc5 30. Rxh6+ Kg8 31. Nh5 d4 32. Re6 Qd5 33. Nf4 Qf3 34. Nd2 Qd1+ 35. Bf1 Bb7 0-1

[Event "Late-Titled-Tuesday-Blitz-August-29-2023"]
[Site "Chess.com"]
[Date "2023.08.29"]
[Round "2"]
[White "bescmelasti"]
[Black "jefferyx"]
[Result "0-1"]
[WhiteElo "2651"]
[BlackElo "3026"]
[TimeControl "180+1"]
[EndTime "14:17:54 PDT"]
[Termination "jefferyx won by resignation"]

1. e4 c5 2. Nf3 d6 3. d4 Nf6 4. Nc3 cxd4 5. Nxd4 a6 6. a3 g6 7. f3 Bg7 8. Be3 O-O 9. Qd2 Nc6 10. O-O-O Bd7 11. g4 Ne5 12. h4 Rc8 13. h5 Re8 14. hxg6 fxg6 15. Bh6 Bh8 16. Bg5 Nf7 17. Be3 Rf8 18.
Bh3 Ne5 19. g5 Nc4 20. Qe2 Nh5 21. Ne6 Qa5 22. Bd4 Nxb2 23. Nxf8 Bxh3 24. Bxh8 Nxd1 25. Nxd1 Kxh8 26. Nxg6+ hxg6 27. Rxh3 Qxa3+ 28. Kd2 Kg7 29. Qd3 Qxd3+ 30. cxd3 Nf4 31. Rh1 Ne6 32. Rg1 Nd4 33. Ke3 e5 34. f4 Rc2 35. fxe5 dxe5 36. Re1 Rg2 37. Nc3 Nc2+ 38. Kf3 Nxe1+ 0-1

[Event "Late-Titled-Tuesday-Blitz-August-29-2023"]
[Site "Chess.com"]
[Date "2023.08.29"]
[Round "2"]
[White "grzechu96"]
[Black "KorolDimitriy75"]
[Result "1-0"]
[WhiteElo "2713"]
[BlackElo "2373"]
[TimeControl "180+1"]
[EndTime "14:17:55 PDT"]
[Termination "grzechu96 won on time"]

1. e4 c5 2. Nf3 d6 3. Bb5+ Nd7 4.
O-O Nf6 5. Re1 a6 6. Bd3 e5 7. c3 g6 8. Bc2 Bg7 9. d4 O-O 10. a4 b6 11. Nbd2 Qc7 12. d5 Nh5 13. Nf1 Qd8 14. Bg5 f6 15. Be3 Qe8 16. N1d2 h6 17.
Nc4 Qe7 18. Nh4 Kh7 19. Nxg6 Kxg6 20. Qg4+ Kh7 21. Qxh5 Rb8 22. Qf5+ Kh8 23. Qg6 Rf7 24. Nxd6 Qxd6 25. Qxf7 Nf8 26. Qh5 Kh7 27. c4 Bd7 28.
Bd1 Be8 29. Qh3 Bg6 30. Bg4 Bxe4 31. Bxh6 Bxh6 32. Rxe4 Rb7 33. Bf5+ Kg7 34. Rg4+ Bg5 35. Qh5 1-0

[Event "Late-Titled-Tuesday-Blitz-August-29-2023"]
[Site "Chess.com"]
[Date "2023.08.29"]
[Round "2"]
[White "Tejas_Rama"]
[Black "artin10862"]
[Result "0-1"]
[WhiteElo "2537"]
[BlackElo "2833"]
[TimeControl "180+1"]
[EndTime "14:17:56 PDT"]
[Termination "artin10862 won by resignation"]

1. d4 Nf6 2. c4 g6 3. Nf3 Bg7 4.
Nc3 d5 5. Qb3 dxc4 6. Qxc4 Be6 7.
Qa4+ c6 8. e4 Bg4 9. Be2 O-O 10.
Be3 b5 11. Qc2 c5 12. dxc5 b4 13. Nb1 Nc6 14. Nbd2 Bxf3 15. Nxf3 Ng4 16. Bg5 Qc7 17.
h3 Nge5 18. Nxe5 Bxe5 19. O-O Nd4 20. Qd2 Rfd8 21. Bd3 Ne6 22. Be3 Nxc5 23. Rac1 Rxd3 24. Rxc5 Rxd2 25. Rxc7 Rxb2 26. Rxe7 Bf6 27. Rxa7 Rxa7 28. Bxa7 Rxa2 29. Rb1 Rxa7 30. Rxb4 Ra2 31. Kh2 Rxf2 0-1